AoeStats
← Cien Ojos

Arabia

505357222Analyzed
1v1 RM · 24d ago on Sep 9, 2026· 41m 17s· 2 players
Game mode
Random Map
Map size
Tiny (2 player)
Population
200
Speed
Normal
Resources
Standard
Victory
Conquest
Starting age
Dark Age
Ending age
Imperial Age
RankedLock teamsTeams togetherTeam positionsShared explorationLock speedFull tech treeHidden civsTurbo modeCheats
Victory
Defeat
🇵🇪 Vietnamese · Peru
1156
+15
🇦🇷 Wei · Argentina
1143
-15
Cien Ojos
5:49 Loom
8:43 Feudal Age
9:52 Double-Bit Axe
18:19 Fletching
18:30 Padded Archer Armor
21:45 Horse Collar
26:22 Castle Age
28:17 Wheelbarrow
29:07 Heavy Plow
29:46 Leather Archer Armor
31:33 Bodkin Arrow
35:17 Elite Skirmisher
39:29 Gold Mining
43:02 Imperial Age
zxc
6:14 Loom
9:29 Feudal Age
10:03 Double-Bit Axe
14:45 Fletching
18:57 Wheelbarrow
18:43 Horse Collar
21:05 Town Watch
21:42 Padded Archer Armor
24:34 Castle Age
23:19 Gold Mining
25:15 Bodkin Arrow
24:42 Crossbowman
25:56 Bow Saw
26:01 Heavy Plow
27:38 Leather Archer Armor
33:53 Thumb Ring
34:04 Hand Cart
33:51 Stone Mining
36:16 Treadmill Crane
39:43 Imperial Age
38:04 Ballistics
38:49 Light Cavalry
39:40 Bloodlines
39:30 Husbandry
40:55 Bracer
41:29 Ring Archer Armor
Connection lost

Rejoining the realm…

Still unreachable

The connection could not be restored.

Session expired

The server has moved on; the page needs a fresh start.